 Dungeon Crawl Stone Soup version 0.21.1 (webtiles) character file.

1890 tidbits the Magician (level 9, -12/65 HPs)
             Began as a Gnoll Earth Elementalist on Feb 3, 2018.
             Was a Follower of Cheibriados.
             Mangled by a two-headed ogre
             ... wielding a +0 giant club
              (31 damage)
             ... on level 8 of the Dungeon.
             The game lasted 00:13:42 (1263 turns).

tidbits the Magician (Gnoll Earth Elementalist)     Turns: 1263, Time: 00:13:43

Health: -12/65     AC:  2    Str: 18    XL:     9   Next: 15%
Magic:  18/18      EV: 17    Int: 23    God:    Cheibriados [*.....]
Gold:   234        SH:  0    Dex: 19    Spells: 10/20 levels left

rFire    + . .     SeeInvis .   a - +0 dagger
rCold    . . .     Gourm    .   (no shield)
rNeg     . . .     Faith    .   c - +0 robe
rPois    .         Spirit   .   (no helmet)
rElec    .         Reflect  .   g - scarf {cloud immunity}
rCorr    .         Harm     .   (no gloves)
MR       .....                  (no boots)
Stlth    +++.......             (no amulet)
HPRegen  0.20/turn              l - +4 ring of strength
MPRegen  0.16/turn              q - ring of protection from fire

@: very slow
A: distributed training, fangs 1, strong nose
a: Bend Time, Renounce Religion


You were on level 8 of the Dungeon.
You worshipped Cheibriados.
Cheibriados was aware of your devotion.
You were hungry.

You visited 2 branches of the dungeon, and saw 10 of its levels.

You collected 234 gold pieces.

Inventory:

Hand Weapons
 a - a +0 dagger (weapon)
 b - a +0 lajatang
 f - a +0 whip
 t - a +0 dire flail
 u - a +0 falchion
 v - a +0 halberd of venom
   (You took it off a gnoll on level 6 of the Dungeon)
 A - a +0 hand crossbow
Missiles
 y - 119 stones (quivered)
 z - 66 arrows
Armour
 c - a +0 robe (worn)
 g - a scarf of cloud immunity (worn)
   (You found it on level 1 of the Dungeon)
 w - a cursed +0 ring mail
Jewellery
 l - a +4 ring of strength (left hand)
   (You found it on level 2 of the Dungeon)
 q - a ring of protection from fire (right hand)
   (You found it on level 4 of the Dungeon)
Wands
 p - a wand of paralysis (7)
 C - a wand of disintegration (10)
Scrolls
 h - 2 scrolls of blinking {unknown}
 j - 2 scrolls of remove curse {unknown}
 o - 2 scrolls of teleportation {unknown}
 B - a scroll of fear {unknown}
 E - a scroll of enchant weapon {unknown}
Potions
 i - a potion of ambrosia
 k - a potion of degeneration
 m - a potion of cancellation
 n - 2 potions of flight {unknown}
 r - 3 potions of heal wounds
 s - 2 potions of invisibility {unknown}
 D - a potion of haste {unknown}
Books
 e - a book of Geomancy

   Spells                             Type                      Level
   a - Sandblast                      Earth                        1
   b - Passwall                       Transmutation/Earth          2
   c - Stone Arrow                    Conjuration/Earth            3
   d - Petrify                        Transmutation/Earth          4
   e - Lee's Rapid Deconstruction     Earth                        5
Miscellaneous
 x - a phial of floods
Comestibles
 d - 11 rations


   Skills:
 + Level 3.9 Fighting
 + Level 3.9 Short Blades
 + Level 3.9 Long Blades
 + Level 3.9 Axes
 + Level 3.9 Maces & Flails
 + Level 3.9 Polearms
 + Level 3.9 Staves
 + Level 3.9 Slings
 + Level 3.9 Bows
 + Level 3.9 Crossbows
 + Level 3.9 Throwing
 + Level 3.9 Armour
 + Level 6.1 Dodging
 + Level 5.8 Stealth
 + Level 3.9 Shields
 + Level 3.9 Unarmed Combat
 + Level 6.4 Spellcasting
 + Level 3.2 Conjurations
 + Level 3.2 Hexes
 + Level 3.2 Charms
 + Level 3.2 Summonings
 + Level 3.2 Necromancy
 + Level 3.2 Translocations
 + Level 3.9 Transmutations
 + Level 3.2 Fire Magic
 + Level 3.2 Ice Magic
 + Level 3.2 Air Magic
 + Level 6.4 Earth Magic
 + Level 3.2 Poison Magic
 + Level 4.2 Invocations
 + Level 3.9 Evocations


You had 10 spell levels left.
You knew the following spells:

 Your Spells              Type           Power        Failure   Level  Hunger
a - Sandblast             Erth           #####.       1%          1    None
e - Petrify               Tmut/Erth      ####....     10%         4    ###....
j - Stone Arrow           Conj/Erth      ####..       3%          3    #......
p - Passwall              Tmut/Erth      ####......   1%          2    None


Dungeon Overview and Level Annotations

Branches:
Dungeon (9/15)             Temple (1/1) D:4
   Lair: D:8-11         Orc: D:9-12

Altars:
Cheibriados
Elyvilon
Fedhas
Okawaru
Ru
Sif Muna
Trog
Uskayaw
Vehumet
Wu Jian
Xom
Zin
The Shining One


Innate Abilities, Weirdness & Mutations

Your experience applies equally to all skills.
You have very sharp teeth.
Your uncanny sense of smell can sniff out nearby items.


Message History

You impale the adder!!
You kill the adder!
Cheibriados appreciates the change of pace.
The helpless two-headed ogre fails to defend itself.
You impale the two-headed ogre!!
The two-headed ogre is heavily wounded.
The two-headed ogre misses you. x2
Evoke which item? (* to show all) (? for menu, Esc to quit)
Aiming: Paralyse
Press: ? - help, Shift-Dir - straight line, f - two-headed ogre
Aim: a two-headed ogre, wielding a giant club and a giant spiked club (heavily wounded, chance to defeat MR: 37%)
The two-headed ogre easily resists.
The two-headed ogre hits you with a giant club!!
* * * LOW HITPOINT WARNING * * *
The two-headed ogre hits you with a giant spiked club!!
* * * LOW HITPOINT WARNING * * *
Evoke which item? (* to show all) (? for menu, Esc to quit)
Aiming: Paralyse
Press: ? - help, Shift-Dir - straight line, f/p - two-headed ogre
Aim: a two-headed ogre, wielding a giant club and a giant spiked club (heavily wounded, chance to defeat MR: 37%)
The two-headed ogre suddenly stops moving!
The helpless two-headed ogre fails to defend itself.
You impale the two-headed ogre!!
You kill the two-headed ogre!
Your Dodging skill increases to level 6!
Your Spellcasting skill increases to level 6!
Your Conjurations skill increases to level 3!
Your Hexes skill increases to level 3!
Your Charms skill increases to level 3!
Your Summonings skill increases to level 3!
Your Necromancy skill increases to level 3!
Your Translocations skill increases to level 3!
Your Fire Magic skill increases to level 3!
Your Ice Magic skill increases to level 3!
Your Air Magic skill increases to level 3!
Your Poison Magic skill increases to level 3!
Your Invocations skill increases to level 4!
You have reached level 9!
Your experience leads to an increase in your attributes!
Your base attributes are Str 11, Int 19, Dex 16.
Increase (S)trength, (I)ntelligence, or (D)exterity?
You feel clever.
Evoke which item? (* to show all) (? for menu, Esc to quit)
Aiming: Disintegrate
Press: ? - help, Shift-Dir - straight line, f - ogre
Aim: an ogre, wielding a giant club (resting, chance to defeat MR: 80%)
The ogre is blasted.
You blow up the ogre!
Cheibriados appreciates the change of pace.
There is a stone staircase leading up, spattered with blood here.
You see here a chunk of flesh.
Found 2 chunks of flesh and 17 stones.
You see here a glowing golden potion.
s - 2 glowing golden potions (gained 1)
You see here a giant club.
You see here 12 gold pieces.
You now have 234 gold pieces (gained 12).
You see here 17 stones.
y - 119 stones (gained 17)
There is a stone staircase leading up, spattered with blood here.
You see here a chunk of flesh.
You climb upwards.
There is a stone staircase leading down here.
Unknown command.
A bullfrog comes into view.
Evoke which item? (* to show all) (? for menu, Esc to quit)
Aiming: Paralyse
Press: ? - help, Shift-Dir - straight line, f - bullfrog
Aim: a bullfrog (hasn't noticed you, chance to defeat MR: 57%)
The bullfrog suddenly stops moving!
Found a scroll labeled VAHY YTUFREMN.
The helpless bullfrog fails to defend itself.
You spit the bullfrog like a pig!!!
You kill the bullfrog!
You see here a bullfrog corpse.
You see here a scroll labeled VAHY YTUFREMN.
E - a scroll labeled VAHY YTUFREMN You are feeling hungry.
A two-headed ogre comes into view.
It is wielding a giant club and a giant spiked club.
Found a yellow potion.
A worker ant and a wight come into view.
The two-headed ogre shouts in stereo!
You hear a howl! x2
A howler monkey comes into view.
The howler monkey hoots and howls with incredible vigour!
You hear a howl!
The worker ant twitches its antennae in your direction.
You hear a shout!
You hear a howl!
Unknown command.
Evoke which item? (* to show all) (? for menu, Esc to quit)
Aiming: Paralyse
Press: ? - help, Shift-Dir - straight line, f - two-headed ogre
Aim: a two-headed ogre, wielding a giant club and a giant spiked club (chance to defeat MR: 39%)
The two-headed ogre resists with some effort.
An orc comes into view. It is wielding a club.
Evoke which item? (* to show all) (? for menu, Esc to quit)
Aiming: Paralyse
Press: ? - help, Shift-Dir - straight line, f/p - two-headed ogre
Aim: a two-headed ogre, wielding a giant club and a giant spiked club (chance to defeat MR: 39%)
The two-headed ogre resists with some effort.
The two-headed ogre hits you with a giant club!!
You die...

#.##.####
#..†....####
#........... .#
#.......#### ...
#.......## ..z.
#........# .....
#........#
o.....##...........
..!..aO@....###.###
.###.h####......#
#. #..#.### #
#..#.# ...# # ...
##


You could see a two-headed ogre, a howler monkey, a worker ant, a wight and an
orc.

Vanquished Creatures
  A two-headed ogre (D:9)
  Duvessa (D:4)
  2 ogres
  An orc warrior (D:6)
  2 centaurs (D:6)
  A bullfrog (D:8)
  Dowan (D:4)
  4 killer bees (D:7)
  A crimson imp (D:6)
  A jelly (D:6)
  A hound (D:7)
  3 orc priests
  A bullfrog skeleton (D:6)
  An iguana (D:6)
  An orc wizard (D:6)
  2 worker ants
  4 gnolls (D:6)
  3 adders
  An adder skeleton (D:6)
  An adder zombie (D:6)
  A worm (D:3)
  2 dart slugs
  A leopard gecko (D:3)
  9 orcs
  2 giant cockroaches
  2 goblins
  8 jackals
  2 kobolds (D:1)
  4 bats
  A frilled lizard (D:5)
  3 rats
68 creatures vanquished.

Notes
Turn   | Place    | Note
-------+----------+-------------------------------------------
     0 | D:1      | tidbits the Gnoll Earth Elementalist began the quest for the Orb.
     0 | D:1      | Reached XP level 1. HP: 13/13 MP: 6/6
    89 | D:1      | Reached skill level 2 in Transmutations
   203 | D:1      | Reached XP level 2. HP: 19/19 MP: 5/7
   283 | D:2      | Learned a level 2 spell: Passwall
   350 | D:3      | Reached skill level 5 in Spellcasting
   350 | D:3      | Reached skill level 1 in Invocations
   350 | D:3      | Reached XP level 3. HP: 25/25 MP: 1/9
   395 | D:3      | Reached skill level 1 in Fighting
   395 | D:3      | Reached skill level 1 in Short Blades
   395 | D:3      | Reached skill level 1 in Long Blades
   395 | D:3      | Reached skill level 1 in Axes
   395 | D:3      | Reached skill level 1 in Maces & Flails
   395 | D:3      | Reached skill level 1 in Polearms
   395 | D:3      | Reached skill level 1 in Staves
   395 | D:3      | Reached skill level 1 in Slings
   395 | D:3      | Reached skill level 1 in Bows
   395 | D:3      | Reached skill level 1 in Crossbows
   395 | D:3      | Reached skill level 1 in Throwing
   395 | D:3      | Reached skill level 1 in Armour
   395 | D:3      | Reached skill level 1 in Shields
   395 | D:3      | Reached skill level 1 in Unarmed Combat
   395 | D:3      | Reached skill level 1 in Evocations
   400 | D:3      | Learned a level 3 spell: Stone Arrow
   432 | D:3      | Reached XP level 4. HP: 32/32 MP: 6/11
   472 | D:4      | Found a staircase to the Ecumenical Temple.
   484 | Temple   | Entered the Ecumenical Temple
   495 | Temple   | Became a worshipper of Cheibriados the Contemplative
   510 | D:4      | Noticed Duvessa
   512 | D:4      | Noticed Dowan
   522 | D:4      | Killed Duvessa
   522 | D:4      | Reached skill level 1 in Conjurations
   522 | D:4      | Reached skill level 1 in Hexes
   522 | D:4      | Reached skill level 1 in Charms
   522 | D:4      | Reached skill level 1 in Summonings
   522 | D:4      | Reached skill level 1 in Necromancy
   522 | D:4      | Reached skill level 1 in Translocations
   522 | D:4      | Reached skill level 1 in Fire Magic
   522 | D:4      | Reached skill level 1 in Ice Magic
   522 | D:4      | Reached skill level 1 in Air Magic
   522 | D:4      | Reached skill level 1 in Poison Magic
   522 | D:4      | Reached XP level 5. HP: 24/37 MP: 8/12
   524 | D:4      | Killed Dowan
   575 | D:5      | Entered Level 5 of the Dungeon
   616 | D:5      | Reached XP level 6. HP: 43/44 MP: 10/13
   622 | D:5      | Learned a level 4 spell: Petrify
   647 | D:5      | Reached skill level 2 in Invocations
   816 | D:6      | Reached * piety under Cheibriados
   816 | D:6      | Reached skill level 2 in Fighting
   816 | D:6      | Reached skill level 2 in Short Blades
   816 | D:6      | Reached skill level 2 in Long Blades
   816 | D:6      | Reached skill level 2 in Axes
   816 | D:6      | Reached skill level 2 in Maces & Flails
   816 | D:6      | Reached skill level 2 in Polearms
   816 | D:6      | Reached skill level 2 in Staves
   816 | D:6      | Reached skill level 2 in Slings
   816 | D:6      | Reached skill level 2 in Bows
   816 | D:6      | Reached skill level 2 in Crossbows
   816 | D:6      | Reached skill level 2 in Throwing
   816 | D:6      | Reached skill level 2 in Armour
   816 | D:6      | Reached skill level 5 in Dodging
   816 | D:6      | Reached skill level 2 in Shields
   816 | D:6      | Reached skill level 2 in Unarmed Combat
   816 | D:6      | Reached skill level 2 in Evocations
   846 | D:6      | Reached XP level 7. HP: 39/50 MP: 7/15
   863 | D:6      | Reached skill level 2 in Conjurations
   863 | D:6      | Reached skill level 2 in Hexes
   863 | D:6      | Reached skill level 2 in Charms
   863 | D:6      | Reached skill level 2 in Summonings
   863 | D:6      | Reached skill level 2 in Necromancy
   863 | D:6      | Reached skill level 2 in Translocations
   863 | D:6      | Reached skill level 3 in Transmutations
   863 | D:6      | Reached skill level 2 in Fire Magic
   863 | D:6      | Reached skill level 2 in Ice Magic
   863 | D:6      | Reached skill level 2 in Air Magic
   863 | D:6      | Reached skill level 2 in Poison Magic
   918 | D:6      | Reached skill level 5 in Stealth
   921 | D:6      | Reached skill level 3 in Invocations
  1026 | D:6      | Reached XP level 8. HP: 36/57 MP: 9/16
  1052 | D:6      | Found a hide-covered altar of Uskayaw.
  1156 | D:7      | Reached skill level 6 in Earth Magic
  1163 | D:7      | Reached skill level 3 in Fighting
  1163 | D:7      | Reached skill level 3 in Short Blades
  1163 | D:7      | Reached skill level 3 in Long Blades
  1163 | D:7      | Reached skill level 3 in Axes
  1163 | D:7      | Reached skill level 3 in Maces & Flails
  1163 | D:7      | Reached skill level 3 in Polearms
  1163 | D:7      | Reached skill level 3 in Staves
  1163 | D:7      | Reached skill level 3 in Slings
  1163 | D:7      | Reached skill level 3 in Bows
  1163 | D:7      | Reached skill level 3 in Crossbows
  1163 | D:7      | Reached skill level 3 in Throwing
  1163 | D:7      | Reached skill level 3 in Armour
  1163 | D:7      | Reached skill level 3 in Shields
  1163 | D:7      | Reached skill level 3 in Unarmed Combat
  1163 | D:7      | Reached skill level 3 in Evocations
  1200 | D:9      | Noticed a two-headed ogre
  1205 | D:9      | HP: 3/58 [two-headed ogre/giant club (23)]
  1207 | D:9      | Killed a two-headed ogre
  1207 | D:9      | Reached skill level 6 in Dodging
  1207 | D:9      | Reached skill level 6 in Spellcasting
  1207 | D:9      | Reached skill level 3 in Conjurations
  1207 | D:9      | Reached skill level 3 in Hexes
  1207 | D:9      | Reached skill level 3 in Charms
  1207 | D:9      | Reached skill level 3 in Summonings
  1207 | D:9      | Reached skill level 3 in Necromancy
  1207 | D:9      | Reached skill level 3 in Translocations
  1207 | D:9      | Reached skill level 3 in Fire Magic
  1207 | D:9      | Reached skill level 3 in Ice Magic
  1207 | D:9      | Reached skill level 3 in Air Magic
  1207 | D:9      | Reached skill level 3 in Poison Magic
  1207 | D:9      | Reached skill level 4 in Invocations
  1207 | D:9      | Reached XP level 9. HP: 3/65 MP: 16/18
  1260 | D:8      | Noticed a two-headed ogre
  1263 | D:8      | Mangled by a two-headed ogre

Skill      XL: |  1  2  3  4  5  6  7  8 |
---------------+-------------------------+-----
Transmutations | 2 3 |  3.9
Spellcasting   | 5 6 |  6.4
Invocations    | 1 2 3 4 |  4.2
Fighting       | 1 2 3 |  3.9
Short Blades   | 1 2 3 |  3.9
Long Blades    | 1 2 3 |  3.9
Axes           | 1 2 3 |  3.9
Maces & Flails | 1 2 3 |  3.9
Polearms       | 1 2 3 |  3.9
Staves         | 1 2 3 |  3.9
Slings         | 1 2 3 |  3.9
Bows           | 1 2 3 |  3.9
Crossbows      | 1 2 3 |  3.9
Throwing       | 1 2 3 |  3.9
Armour         | 1 2 3 |  3.9
Shields        | 1 2 3 |  3.9
Unarmed Combat | 1 2 3 |  3.9
Evocations     | 1 2 3 |  3.9
Conjurations   | 1 2 3 |  3.2
Hexes          | 1 2 3 |  3.2
Charms         | 1 2 3 |  3.2
Summonings     | 1 2 3 |  3.2
Necromancy     | 1 2 3 |  3.2
Translocations | 1 2 3 |  3.2
Fire Magic     | 1 2 3 |  3.2
Ice Magic      | 1 2 3 |  3.2
Air Magic      | 1 2 3 |  3.2
Poison Magic   | 1 2 3 |  3.2
Dodging        | 5 6 |  6.1
Stealth        | 5 |  5.8
Earth Magic    | 6 |  6.4

Action                   |  1- 3 |  4- 6 |  7- 9 || total
-------------------------+-------+-------+-------++-------
Melee: Whip              |    16 |       |       ||    16
       Bite              |     2 |       |     1 ||     3
       Dagger            |     2 |     4 |    12 ||    18
       Lajatang          |       |       |     9 ||     9
Throw: Stone             |       |     1 |       ||     1
 Cast: Sandblast         |    19 |    44 |    24 ||    87
       Passwall          |     1 |       |       ||     1
Evoke: Wand              |       |       |    19 ||    19
  Use: Scroll            |     2 |     1 |     1 ||     4
 Stab: Sleeping          |     1 |     2 |     2 ||     5
       Paralysed         |       |       |     7 ||     7
Armor: Robe              |       |     8 |     4 ||    12
Dodge: Dodged            |    16 |    29 |    33 ||    78

Table legend:
 A = Turns spent in this place as a percentage of turns spent in the entire game.
 B = Non-inter-level travel turns spent in this place as a percentage of non-inter-level travel turns spent in the entire game.
 C = Inter-level travel turns spent in this place as a percentage of turns spent in this place.
 D = Turns resting spent in this place as a percentage of non-inter-level travel turns spent in this place.
 E = Turns spent auto-exploring this place as a percentage of non-inter-level travel turns spent in this place.
 F = Non-inter-level travel turns spent in this place divided by the number of levels of this place that you've seen.
                   A       B       C       D       E      F
               +-------+-------+-------+-------+-------+----------------------
         Total | 100.0 | 100.0 |   0.8 |   0.0 |   0.0 | 125.3
       Dungeon |  98.2 |  99.0 |   0.0 |   0.0 |   0.0 | 137.8
        Temple |   1.8 |   1.0 |  43.5 |   0.0 |   0.0 |  13.0
               +-------+-------+-------+-------+-------+----------------------

Table legend:
 A = Kills in this place as a percentage of kills in entire the game.
 B = Kills by you in this place as a percentage of kills by you in the entire game.
 C = Kills by friends in this place as a percentage of kills by friends in the entire game.
 D = Other kills in this place as a percentage of other kills in the entire game.
 E = Experience gained in this place as a percentage of experience gained in the entire game.
 F = Experience gained in this place divided by the number of levels of this place that you have seen.
                   A       B       C       D       E      F
               +-------+-------+-------+-------+-------+----------------------
         Total | 100.0 | 100.0 |   N/A |   N/A | 100.0 | 270.0
       Dungeon | 100.0 | 100.0 |   N/A |   N/A | 100.0 | 300.0
               +-------+-------+-------+-------+-------+----------------------

Vault maps used:
D:1:      dpeg_arrival_ternary
D:2:      lightli_corner_chamber, uniq_jessica
D:3:      uniq_grinder
D:4:      minmay_temple_entry_large_hall, first_ration, dk_rats_in_the_wall,
          uniq_duvessa
D:6:      kennysheep_windowed_halls, old_standard_altar,
          nicolae_gozag_seed_capital, serial_shops,
          nicolae_shop_temple_entry_statues_fountains, minmay_curled_crystal,
          hangedman_abyss_or_decor_passed
D:9:      grunt_temple_overflow_cloverleaf, nicolae_looking_at_the_future
Temple:   lightli_temple_of_artemis
